cohdb
Replays
Latest Replays
All Replays
Popular Replays
Top Player Replays
Match Explorer
How It Works
Community
CoH3 Stats
Reddit
Sign in to upload your games and track your stats! →
Sign in with Steam
Beware Challengers!
Match 26122781
Overview
Messages
Build Orders
End
Construct Barracks
Engineer Squad
1⁄4-ton 4x4 Truck
Riflemen Squad
Riflemen Squad
Infantry Support Center
Riflemen Squad
Construct Medical Station
Construct Motor Pool
Demolitions Package
M24 Chaffee Light Tank
Selects Armored Battlegroup
Selects Veteran Crews
Selects Field Repairs
Selects War Machine
M24 Chaffee Light Tank
Grenade Package
Riflemen Squad
M1 Anti-tank Gun Team
M1 Anti-tank Gun Team
Engineer Squad
Construct Tank Depot
Selects Strength in Steel
Selects Seek and Destroy
Selects UNKNOWN (2160077)
M4A3E8 Sherman Easy Eight
.30 cal Machine Gun
M4A3E8 Sherman Easy Eight
Engineer Squad
M4A3E8 Sherman Easy Eight
Field Repairs
JEFG
FLOKL
0
0
Comments
sign in to comment!
No comments posted yet!